 Dungeon Crawl Stone Soup version 0.28-a0-1292-gb4563b27b3 (webtiles) character file.

Game seed: 11312650348443831912

3822 Ijustatesigmund the Cleaver (level 10, 0/95 HPs)
             Began as a Hill Orc Fighter on Dec 27, 2021.
             Was an Initiate of Cheibriados.
             Slain by a killer bee (3 damage)
             ... on level 8 of the Dungeon.
             The game lasted 00:13:59 (8710 turns).

Ijustatesigmund the Cleaver (Hill Orc Fighter)      Turns: 8710, Time: 00:14:01

Health: 0/95       AC: 20    Str: 21    XL:     10   Next: 17%
Magic:  12/12      EV:  8    Int: 13    God:    Cheibriados [......]
Gold:   67         SH:  5    Dex: 11    Spells: 9/9 levels left

rFire   + + +      SeeInvis .   a - +0 war axe
rCold   + . .      Faith    .   c - +0 buckler
rNeg    . . .      Spirit   .   b - +6 chain mail of Parsimonious Life {rCorr}
rPois   +          Reflect  .   j - +0 helmet
rElec   +          Harm     .   l - scarf {shadows}
rCorr   +          Rampage  .   f - +1 pair of gloves
Will    .....                   (no boots)
Stlth   ..........              t - amulet of the acrobat
HPRegen 0.25/turn               s - ring of protection from fire
MPRegen 0.13/turn               v - ring of protection from fire

@: lethally poisoned (0 -> -4), resistant, very slow
A: no striking features
a: Renounce Religion


You were on level 8 of the Dungeon.
You worshipped Cheibriados.
Cheibriados was noncommittal.
You visited 2 branches of the dungeon, and saw 9 of its levels.

You collected 342 gold pieces.
You spent 275 gold pieces at shops.

Inventory:

Hand Weapons
 a - a +0 war axe (weapon)
 g - a +0 war axe
Armour
 b - the +6 chain mail of Parsimonious Life (worn) {rCorr}
   (You bought it in a shop on level 5 of the Dungeon)

   rCorr:     It protects you from acid and corrosion.
 c - a +0 buckler (worn)
 f - a +1 pair of gloves (worn)
 j - a +0 helmet (worn)
 l - a scarf of shadows (worn)
Jewellery
 s - a ring of protection from fire (left hand)
 t - an amulet of the acrobat (around neck)
 v - a ring of protection from fire (right hand)
Wands
 h - a wand of paralysis (12)
 u - a wand of polymorph (13)
 w - a wand of acid (7)
Scrolls
 e - a scroll of fog
 n - a scroll of amnesia
 o - a scroll of identify
Potions
 d - a potion of flight
 i - a potion of attraction
 k - 2 potions of cancellation


   Skills:
 + Level 11.0 Fighting
 + Level 11.6 Axes
 - Level 7.4 Armour
 + Level 4.7 Shields
 + Level 3.1 Invocations


You had 9 spell levels left.
You didn't know any spells.
Your spell library contained the following spells:

 Spells                   Type           Power      Damage    Failure   Level
 Slow                     Hex            0%         N/A       93%         1
 Corpse Rot               Necr/Air       0%         N/A       98%         2
 Poisonous Vapours        Pois/Air       0%         N/A       98%         2
 Confusing Touch          Hex            0%         N/A       100%        3
 Ozocubu's Armour         Ice            0%         N/A       100%        3
 Vampiric Draining        Necr           0%         2d6       100%        3
 Olgreb's Toxic Radiance  Pois           0%         N/A       100%        4
 Metabolic Englaciation   Hex/Ice        0%         N/A       100%        5
 Simulacrum               Ice/Necr       0%         N/A       100%        6
 Ozocubu's Refrigeration  Ice            0%         4d5       100%        7
 Ignition                 Fire           0%         3d3       100%        8


Dungeon Overview and Level Annotations

Branches:
Dungeon (8/15)             Temple (1/1) D:5            Lair (0/6) D:8

Altars:
Ashenzari
Cheibriados
Dithmenos
Elyvilon
Fedhas
Gozag
Hepliaklqana
Kikubaaqudgha
Makhleb
Nemelex Xobeh
Okawaru
Qazlal
Ru
Sif Muna
Trog
Uskayaw
Vehumet
Yredelemnul

Shops:
D:5 [   D:7 :?

Annotations:
D:4 1 runed translucent door, fly's ghost, weakling FoDe
D:8 Gastronok; Maurice


Message History

Maurice mumbles some strange words.
Maurice flickers and vanishes!
The killer bee stings you.
* * * LOW HITPOINT WARNING * * *
You feel sick. The killer bee misses you. The killer bee completely misses you.
The centaur zombie completely misses you.
The centaur zombie closely misses you. You block the killer bee's attack.
The killer bee completely misses you.
You feel sick.
The killer bee stings you but does no damage.
The killer bee barely misses you.
You feel sick. The killer bee completely misses you.
You feel sick. The killer bee misses you. The killer bee stings you.
* * * LOW HITPOINT WARNING * * *
Aiming: Corrosive Bolt
Press: ? - help, Shift-Dir - straight line, f - killer bee
Aim: a killer bee (43% to hit)
The bolt of acid misses the killer bee. x4; The bolt of acid hits the wight!
The wight is heavily damaged.
The killer bee stings you!
* * * LOW HITPOINT WARNING * * *
You are lethally poisoned!
The killer bee poisons you!
The killer bee stings you but does no damage.
Okay, then.
Aiming: Corrosive Bolt
Press: ? - help, Shift-Dir - straight line, f/p - killer bee
Aim: a killer bee (43% to hit)
The bolt of acid hits the killer bee!
The killer bee is almost dead.
The bolt of acid hits the killer bee!
The acid corrodes the killer bee!
The killer bee is almost dead.
The bolt of acid hits the killer bee!
The killer bee is almost dead.
The bolt of acid hits the killer bee!
The acid corrodes the killer bee!
The killer bee is heavily wounded.
The bolt of acid hits the wight!
The acid corrodes the wight!
The wight is severely damaged.
* * * LOW HITPOINT WARNING * * *
You feel sick. The killer bee stings you.
You die...

#..#........
#####h#....>...
.....[hzz......
######h........
#.........
#w........
######........
#.z.....##.### #@#
###.# .# #y# #.# #
#y# #.#
###y#####.#
#.zyz......
#.8z....8..
#..Z.......(.
#...>.....#..####
#...).........ยง.#


You could see 4 killer bees, 4 wights and a centaur zombie.

Vanquished Creatures
  A hornet (D:8)
  Grinder (D:6)
  Prince Ribbit (D:7)
  A slime creature (D:7)
  Eustachio (D:4)
  A steam dragon (D:7)
  Menkaure (D:7)
  2 acid dragons (D:8)
  An ice beast (D:6)
  3 sky beasts
  2 black bears
  A necrophage (D:7)
  6 ogres
  A kobold brigand (D:7)
  A water moccasin zombie (D:5)
  A wyvern skeleton (D:7)
  A water moccasin skeleton (D:4)
  3 killer bees (D:7)
  3 wights (D:8)
  3 howler monkeys
  A bullfrog zombie (D:6)
  2 hounds
  A jelly (D:6)
  3 centaur zombies
  Terence (D:2)
  3 iguanas
  3 orc wizards
  A killer bee zombie (D:7)
  A hound skeleton (D:4)
  A howler monkey skeleton (D:6)
  6 gnolls (D:5)
  9 adders
  A shadow imp (D:7)
  A white imp (D:6)
  An ufetubus (D:7)
  22 orcs
  5 bats
  9 endoplasms
  4 giant cockroaches
  16 goblins
  19 hobgoblins
  9 kobolds
  3 quokkas
  9 ball pythons
  A frilled lizard (D:3)
  5 rats
172 creatures vanquished.

Vanquished Creatures (others)
  2 plants (D:5)
2 creatures vanquished.

Grand Total: 174 creatures vanquished

Notes
Turn   | Place    | Note
-------+----------+-------------------------------------------
     0 | D:1      | Ijustatesigmund the Hill Orc Fighter began the quest for
                  | the Orb.
     0 | D:1      | Reached XP level 1. HP: 19/19 MP: 1/1
   103 | D:1      | Reached XP level 2. HP: 27/27 MP: 2/2
   297 | D:1      | Reached XP level 3. HP: 33/34 MP: 3/3
   860 | D:2      | Found a faded altar of an unknown god.
   874 | D:2      | Noticed Terence
   885 | D:2      | Killed Terence
   886 | D:2      | Reached XP level 4. HP: 13/41 MP: 4/4
  1171 | D:2      | Reached skill level 5 in Fighting
  1986 | D:3      | Reached skill level 5 in Axes
  2023 | D:3      | Reached XP level 5. HP: 48/48 MP: 5/5
  2964 | D:4      | Noticed Eustachio
  2971 | D:4      | Killed Eustachio
  2972 | D:4      | Reached XP level 6. HP: 46/58 MP: 6/6
  3181 | D:4      | Found a runed translucent door.
  3182 | D:4      | Noticed fly's ghost (weakling FoDe)
  3347 | D:4      | Reached XP level 7. HP: 55/66 MP: 7/7
  3574 | D:5      | Entered Level 5 of the Dungeon
  3880 | D:5      | Reached XP level 8. HP: 42/74 MP: 8/8
  4416 | D:5      | Identified the +0 leather armour of Ylloxes {Will+ SInv}
  4733 | D:5      | Found Zapoinu's Antique Armour Shoppe.
  4828 | D:5      | Found a staircase to the Ecumenical Temple.
  4836 | Temple   | Entered the Ecumenical Temple
  5118 | D:6      | Reached skill level 5 in Armour
  5732 | D:6      | Noticed Grinder
  5739 | D:6      | Paralysed by Grinder for 6 turns
  5751 | D:6      | Killed Grinder
  5752 | D:6      | Reached XP level 9. HP: 75/83 MP: 9/9
  6255 | D:6      | Reached skill level 10 in Axes
  6516 | D:7      | Found Loffyx's Magic Scroll Shoppe.
  6690 | D:7      | Reached skill level 10 in Fighting
  7299 | D:7      | Noticed Prince Ribbit
  7317 | D:7      | Killed Prince Ribbit
  7838 | D:5      | Bought a twisted chain mail for 275 gold pieces
  7838 | D:5      | Identified the +6 chain mail of Parsimonious Life {rCorr}
                  | (You bought it in a shop on level 5 of the Dungeon)
  7897 | Temple   | Became a worshipper of Cheibriados the Contemplative
  7959 | D:7      | Noticed Menkaure
  7966 | D:7      | Killed Menkaure
  7967 | D:7      | Reached skill level 1 in Invocations
  8190 | D:7      | Found Otipoam's Self-Improvement Boutique.
  8605 | D:8      | Reached XP level 10. HP: 89/94 MP: 11/11
  8644 | D:8      | Noticed Maurice
  8657 | D:8      | Paralysed by a hornet for 1 turns
  8687 | D:8      | Found a staircase to the Lair.
  8697 | D:8      | Noticed Gastronok
  8710 | D:8      | HP: 3/95 [poisoned by a killer bee]
  8710 | D:8      | Slain by a killer bee

Illustrated notes

Levels and vault maps discovered:
D:1:      dpeg_arrival_snail, layout_loops_ring, hex_large,
          minmay_misc_feat_nine_boxes
D:2:      layout_loops_corners, hellmonk_ecumenical_altar_crossroads,
          uniq_terence
D:3:      layout_loops_ring, nicolae_underground_beach
D:4:      layout_loops_ring, gammafunk_ghost_grave, uniq_eustachio
D:5:      corexii_shantytown, layout_rooms, minmay_temple_entry_antechambers,
          serial_shops, nicolae_shop_crystal
D:6:      layout_cave_pods, grunt_ministairs_15, uniq_grinder
D:7:      minmay_chambers_of_fours, layout_basic, serial_shops, shop,
          nicolae_shop_self_help, uniq_menkaure, uniq_prince_ribbit1
D:8:      layout_basic, lair_entry_dummy, st_stairs_1, uniq_maurice, uniq_pikel,
          uniq_gastronok
Temple:   nicolae_temple_no_exploring_needed

Skill      XL: |  1  2  3  4  5  6  7  8  9 10 |
---------------+-------------------------------+-----
Axes           | 3 4 5 6 7 8 9 11 | 11.6
Fighting       | 4 5 6 7 8 9 10 11 | 11.0
Armour         | 4 6 7 |  7.4
Shields        | 4 |  4.7
Invocations    | 2 3 |  3.1

Action                   |  1- 3 |  4- 6 |  7- 9 | 10-12 || total
-------------------------+-------+-------+-------+-------++-------
Melee: War axe           |    87 |   117 |   382 |    22 ||   608
Evoke: Wand              |       |       |     6 |     6 ||    12
  Use: Scroll            |     2 |     9 |     5 |     5 ||    21
       Potion            |       |     1 |     7 |     2 ||    10
 Stab: Paralysed         |       |       |     4 |       ||     4
       Invisible         |       |       |     3 |       ||     3
Armor: Scale mail        |    43 |    53 |   184 |       ||   280
       Chain mail        |       |       |    10 |    22 ||    32
Dodge: Dodged            |    44 |    59 |   167 |    54 ||   324
Block: Buckler           |    23 |    21 |    65 |     9 ||   118

Table legend: (Time is in decaauts)
 A = Elapsed time spent in this place.
 B = Non-inter-level travel time spent in this place.
 C = Inter-level travel time spent in this place.
 D = Time resting spent in this place.
 E = Time spent auto-exploring this place.
 F = Levels seen in this place.
 G = Mean time per level.
                   A        B        C        D        E       F      G
               +--------+--------+--------+--------+--------+-----+--------+
         Total |   8904 |   8559 |    345 |   1574 |   5599 |   9 |  989.3 |
       Dungeon |   8877 |   8548 |    329 |   1574 |   5599 |   8 | 1109.6 |
        Temple |     26 |     10 |     16 |      0 |      0 |   1 |   26.0 |
               +--------+--------+--------+--------+--------+-----+--------+

Top non-repeatable levels by time:
     D:7: 1732 daAuts
     D:6: 1713 daAuts
     D:5: 1624 daAuts
     D:2: 1119 daAuts
     D:1: 886 daAuts
     D:3: 879 daAuts
     D:4: 746 daAuts
     D:8: 176 daAuts
  Temple: 26 daAuts
